 Dungeon Crawl Stone Soup version 0.29.1-2-gbd0b4ee654 (webtiles) character file.

Game seed: 11944533639164082271

88 xian the Trooper (level 4, -2/37 HPs)
             Began as a Demonspawn Abyssal Knight on Nov 8, 2022.
             Was a Priest of Lugonu.
             Killed from afar by Grinder (12 damage)
             ... with a bolt of light
             ... on level 3 of the Dungeon.
             The game lasted 00:05:34 (3783 turns).

xian the Trooper (Demonspawn Abyssal Knight)        Turns: 3783, Time: 00:05:35

Health: -2/37      AC:  8    Str: 19    XL:     4   Next: 30%
Magic:  15/15      EV: 15    Int: 11    God:    Lugonu [***...]
Gold:   214        SH:  0    Dex: 20    Spells: 3/3 levels left

rFire   . . .      SeeInvis .   a - +1 short sword
rCold   . . .      Faith    +   (no shield)
rNeg    . . .      Spirit   .   m - +1 ring mail "Luotwin" {Harm MP+9}
rPois   .          Reflect  .   (no helmet)
rElec   .          Harm     +   (no cloak)
rCorr   .          Rampage  .   n - +1 pair of gloves of Lust {+Blink Str+4}
Will    .....                   (no boots)
Stlth   +.........              g - amulet of faith
HPRegen 0.12/turn               l - +4 ring of evasion
MPRegen 0.14/turn               b - +6 ring of dexterity

@: no status effects
A: ignite blood 1, weakness stinger 1
a: Renounce Religion, Evoke Blink, Depart the Abyss, Bend Space, Banish


You were on level 3 of the Dungeon.
You worshipped Lugonu.
Lugonu was most pleased with you.
You visited 1 branch of the dungeon, and saw 3 of its levels.
You visited the Abyss 1 time.

You collected 214 gold pieces.

Inventory:

Hand Weapons
 a - a +1 short sword (weapon)
Armour
 m - the +1 ring mail "Luotwin" (worn) {Harm MP+9}
   (You found it on level 2 of the Dungeon)

   MP:        It affects your magic capacity (+9).
   Harm:      It increases damage dealt and taken.
 n - the +1 pair of gloves of Lust (worn) {+Blink Str+4}
   (You found it on level 2 of the Dungeon)

   Str:       It affects your strength (+4).
   +Blink:    It lets you blink.
Jewellery
 b - a +6 ring of dexterity (right hand)
 g - an amulet of faith (around neck)
 l - a +4 ring of evasion (left hand)
Scrolls
 e - 2 scrolls of teleportation {unknown}
 f - 2 scrolls of blinking {unknown}
 h - a scroll of enchant weapon {unknown}
 i - a scroll of magic mapping {unknown}
 o - a scroll of enchant armour {unknown}
 q - 3 scrolls of identify {unknown}
 s - a scroll of poison {unknown}
 t - a scroll of amnesia {unknown}
Potions
 c - a potion of cancellation {unknown}
 d - a potion of curing
 j - a potion of heal wounds
 k - 2 potions of magic {unknown}
 r - a potion of flight {unknown}


   Skills:
 + Level 3.8 Fighting
 + Level 2.4 Short Blades
 + Level 2.3 Armour
 + Level 1.3 Dodging
 + Level 0.5 Stealth
 * Level 3.1 Invocations


You had 3 spell levels left.
You didn't know any spells.
Your spell library contained the following spells:

 Spells                   Type           Power      Damage    Failure   Level
 Ozocubu's Armour         Ice            0%         N/A       87%         3
 Portal Projectile        Hex/Tloc       0%         N/A       87%         3
 Tukima's Dance           Hex            0%         N/A       87%         3
 Blade Hands              Tmut           0%         N/A       100%        5
 Metabolic Englaciation   Hex/Ice        0%         N/A       100%        5
 Simulacrum               Ice/Necr       0%         N/A       100%        6


Dungeon Overview and Level Annotations

Branches:
Dungeon (3/15)

Altars:

Shops:
D:2 (

Annotations:
D:3 1 runed translucent door, Grinder; Icepheonix32's ghost, amateur DgTm


Innate Abilities, Weirdness & Mutations

Your demonic aura sometimes causes spilled blood to erupt in flames.
You have a small tail.


Message History

You see here a poisoned dart.
p - a poisoned dart You're too confused to move!
You feel less confused. Grinder closely misses you.
You hit Grinder.
Grinder is lightly wounded.
Grinder blinks!
Grinder zaps a wand.
The bolt of light misses you.
You throw a poisoned dart.
The poisoned dart closely misses Grinder.
Grinder blinks!
Grinder enters a dispersal trap!
You blink.
Grinder blinks!
Grinder says, "Just stop there for a second..."
Grinder completely misses you.
You see here a poisoned dart.
p - a poisoned dart Grinder gestures at you.
Pain shoots through your body!
* * * LOW HITPOINT WARNING * * *
It was a potion of heal wounds.
You feel much better. Grinder hits you but does no damage.
Throw: dart (poison)
Press: ? - help, Q - select action, (/) - cycle Shift-Dir - straight line, f/p - Grinder
Aim: Grinder, carrying a wand of light (1) (lightly wounded, 60% to hit)
You throw a poisoned dart. The poisoned dart hits Grinder.
Grinder is lightly wounded.
Grinder hits you.
You hit Grinder.
Grinder is moderately wounded.
Grinder gestures at you.
You suddenly lose the ability to move!
Grinder hits you. Grinder hits you!
You writhe in agony.
* * * LOW HITPOINT WARNING * * *
You can move again.
You hit Grinder but do no damage.
Grinder is moderately wounded.
Grinder zaps a wand.
The bolt of light hits you!
You die...

+.........'............
#.........####........#
##.......## #..#.....#
##.....## #.###....#
##...## #.###.##.# ##+#
#........# #.#
#####.#### ###.######
#.# #...@....# #.#
#..5.###.# #.#
####(....##.# #.#
#.......###.#######.#
#.##.#^..ยง..........#
.. #......(.######### #
##########


You could see Grinder.

Vanquished Creatures
  An adder (D:2)
  3 worms
  3 dart slugs (D:2)
  An orc (D:3)
  6 bats
  6 endoplasms
  2 giant cockroaches (D:1)
  5 goblins
  3 hobgoblins
  7 jackals
  6 kobolds
  6 ball pythons
  4 frilled lizards
  4 rats
57 creatures vanquished.

Notes
Turn   | Place    | Note
-------+----------+-------------------------------------------
     0 | Abyss:1  | xian the Demonspawn Abyssal Knight began the quest for the
                  | Orb.
     0 | Abyss:1  | Reached XP level 1. HP: 18/18 MP: 2/2
    66 | Abyss:2  | Noticed a starflower
    66 | Abyss:2  | Noticed a starflower
    66 | Abyss:2  | Noticed a neqoxec
    67 | D:1      | Escaped the Abyss
   349 | D:1      | Reached ** piety under Lugonu
   632 | D:1      | Gained mutation: Your demonic aura sometimes causes spilled
                  | blood to erupt in flames. [demonic ancestry]
   632 | D:1      | Reached XP level 2. HP: 23/24 MP: 3/3
  1474 | D:1      | Found a faded altar of an unknown god.
  1524 | D:2      | Reached XP level 3. HP: 30/30 MP: 4/4
  1556 | D:2      | Reached skill level 1 in Dodging
  2023 | D:2      | Found Dagh's Weapon Shoppe.
  2042 | D:2      | Reached *** piety under Lugonu
  2386 | D:2      | Identified the +1 ring mail "Luotwin" {Harm MP+9}
  2724 | D:2      | Discovered your monstrous ancestry.
  2724 | D:2      | Gained mutation: You have a small tail. [demonic ancestry]
  2724 | D:2      | Reached XP level 4. HP: 37/37 MP: 6/6
  2808 | D:2      | Identified the +1 pair of gloves of Lust {+Blink Str+4}
  3346 | D:3      | Found a runed translucent door.
  3347 | D:3      | Noticed Icepheonix32's ghost (amateur DgTm)
  3726 | D:3      | Noticed Grinder
  3729 | D:3      | Paralysed by Grinder for 5 turns
  3752 | D:3      | Paralysed by Grinder for 5 turns
  3761 | D:3      | Paralysed by Grinder for 5 turns
  3780 | D:3      | Paralysed by Grinder for 3 turns
  3783 | D:3      | Killed from afar by Grinder

Illustrated notes

Levels and vault maps discovered:
D:1:      lemuel_arrival_hallway, layout_basic,
          shapermc_ecumenical_altar_mp_vishouse
D:2:      minmay_spotlight, layout_basic, serial_shops,
          nicolae_shop_bloodbath_and_beyond, minmay_unequal
D:3:      layout_loops_corners, ebering_ghost_reflecting_pool,
          kennysheep_path_1, uniq_grinder

Skill      XL: |  1  2  3  4 |
---------------+-------------+-----
Armour         | 2 |  2.3
Short Blades   | 2 |  2.4
Dodging        | 1 |  1.3
Invocations    | 3 |  3.1
Fighting       | |  3.8
Stealth        | |  0.5

Action                   |  1- 3 |  4- 6 || total
-------------------------+-------+-------++-------
Melee: Short sword       |   187 |    34 ||   221
       Punch             |     2 |     1 ||     3
       Tailslap          |       |     8 ||     8
Throw: Dart              |       |    14 ||    14
Invok: Depart the Abyss  |     1 |       ||     1
  Use: Potion            |     1 |     1 ||     2
 Stab: Sleeping          |       |     1 ||     1
Armor: Leather armour    |    68 |       ||    68
       Ring mail         |     3 |    12 ||    15
Dodge: Dodged            |   167 |    18 ||   185
